 Dungeon Crawl Stone Soup version 0.26.0-10-g1f06aea511 (webtiles) character file.

Game seed: 4813360442979224818

109 Borgoz the Slasher (level 4, -4/37 HPs)
             Began as a Ghoul Gladiator on Jan 15, 2021.
             Slain by a wyvern (11 damage)
             ... on level 3 of the Dungeon.
             The game lasted 00:02:17 (1649 turns).

Borgoz the Slasher (Ghoul Gladiator)                Turns: 1649, Time: 00:02:17

Health: -4/37      AC:  7    Str: 17    XL:     4   Next: 89%
Magic:  3/3        EV: 11    Int:  3    God:
Gold:   142        SH:  4    Dex: 17    Spells: 3/3 levels left

rFire    + . .     SeeInvis .   a - +1 long sword
rCold    + + .     Faith    .   q - +0 buckler
rNeg     + + +     Spirit   .   h - +0 ring mail
rPois    ∞         Reflect  .   c - +1 helmet
rElec    +         Harm     .   (no cloak)
rCorr    +         Rampage  .   (no gloves)
Will     .....                  (no boots)
Stlth    +.........             (no amulet)
HPRegen  0.00/turn              f - +6 ring of dexterity
MPRegen  0.08/turn              (no ring)

@: resistant, flying
A: claws 1, cold resistance 1, negative energy resistance 3, inhibited
regeneration, torment resistance, unbreathing
a: no special abilities


You were on level 3 of the Dungeon.
You visited 1 branch of the dungeon, and saw 3 of its levels.

You collected 142 gold pieces.

Inventory:

Hand Weapons
 a - a +1 long sword (weapon)
Missiles
 d - 3 throwing nets (quivered)
Armour
 c - a +1 helmet (worn)
 h - a +0 ring mail (worn)
 q - a +0 buckler (worn)
Jewellery
 f - a +6 ring of dexterity (left claw)
Scrolls
 b - a scroll of immolation {unknown}
 i - a scroll of teleportation
Potions
 g - a potion of resistance


   Skills:
 + Level 2.9 Fighting
 * Level 3.6 Long Blades
 - Level 1.7 Throwing
 * Level 2.1 Armour
 + Level 3.1 Dodging


You had 3 spell levels left.
You didn't know any spells.
Your spell library contained the following spells:

 Spells                   Type           Power        Failure   Level
 Corona                   Hex            0%           88%         1
 Ensorcelled Hibernation  Hex/Ice        0%           95%         2
 Confusing Touch          Hex            0%           99%         3
 Dazzling Flash           Conj/Hex       0%           99%         3
 Tukima's Dance           Hex            0%           99%         3


Dungeon Overview and Level Annotations

Branches:
Dungeon (3/15)

Altars:
Elyvilon
Uskayaw


Innate Abilities, Weirdness & Mutations

You thrive by killing the living.
You are immune to poison.
You have sharp fingernails.
Your flesh is cold resistant. (rC+)
You are immune to negative energy. (rN+++)
You do not regenerate when monsters are visible.
You are immune to unholy pain and torment.
You can survive without breathing.


Message History

* * * LOW HITPOINT WARNING * * *
The frilled lizard closely misses you.
You are too injured to fight recklessly!
You are too injured to fight recklessly!
You are too injured to fight recklessly!
It was a potion of cancellation.
You feel magically purged. The wyvern closely misses you.
You riposte.
You hit the wyvern.
The wyvern is lightly wounded.
The goblin hits you but does no damage. You block the frilled lizard's attack.
The wyvern bites you.
* * * LOW HITPOINT WARNING * * *
It was a potion of flight.
You feel very buoyant.
You fly up into the air.
The goblin hits you but does no damage. You block the wyvern's attack.
The frilled lizard bites you.
* * * LOW HITPOINT WARNING * * *
It was a potion of resistance.
You feel protected. The wyvern bites you!
You die...

#.####..##.#.....#.#
#.....#.#.....#.#
#<#...........#.#
#.#.#.#.#....(#.#
#.#.......#..††.#
#.#####..###.#..#
#.#####.## ##...#
#......†(###.#..#
#.....@<#.#.#...#
......llg##.##.#.#
.........##.##.#.#
.........##.##.#.#
##.......##.##...#
#........?....#.#
###...#.##.##.#.#
.#.#..#...#.# ...


You could see a wyvern, a goblin and a frilled lizard.

Vanquished Creatures
  Jessica (D:2)
  3 adders (D:2)
  An ooze (D:1)
  2 worms (D:2)
  2 dart slugs
  3 ball pythons
  4 bats
  A giant cockroach (D:1)
  3 goblins
  3 hobgoblins
  4 jackals (D:3)
  10 kobolds
  2 quokkas (D:2)
  2 frilled lizards
  2 rats
43 creatures vanquished.

Notes
Turn   | Place    | Note
-------+----------+-------------------------------------------
     0 | D:1      | Borgoz the Ghoul Gladiator began the quest for the Orb.
     0 | D:1      | Reached XP level 1. HP: 17/17 MP: 0/0
   230 | D:1      | Reached XP level 2. HP: 24/24 MP: 1/1
   327 | D:1      | Reached skill level 1 in Armour
   546 | D:2      | Reached XP level 3. HP: 22/30 MP: 2/2
   802 | D:2      | Reached XP level 4. HP: 37/37 MP: 3/3
  1039 | D:2      | Noticed Jessica
  1048 | D:2      | Killed Jessica
  1113 | D:2      | Found a hide-covered altar of Uskayaw.
  1113 | D:2      | Found a white marble altar of Elyvilon.
  1639 | D:3      | Noticed a wyvern
  1649 | D:3      | Slain by a wyvern

Illustrated notes

Levels and vault maps discovered:
D:1:      dpeg_arrival_pits, layout_rooms
D:2:      layout_basic, chequers_temple_overflow_statue_of_worship, uniq_jessica
D:3:      layout_loops_ring, lexackson_kobold_supper, uniq_ijyb

Skill      XL: |  1  2  3  4 |
---------------+-------------+-----
Armour         | 1 2 |  2.1
Long Blades    | 3 |  3.6
Dodging        | 3 |  3.1
Fighting       | |  2.9
Throwing       | |  1.7

Action                   |  1- 3 |  4- 6 || total
-------------------------+-------+-------++-------
Melee: Long sword        |    71 |    58 ||   129
  Use: Scroll            |       |     8 ||     8
       Potion            |       |     3 ||     3
Armor: Leather armour    |     5 |       ||     5
       Ring mail         |    22 |    18 ||    40
Dodge: Dodged            |    57 |    47 ||   104
Block: Buckler           |       |    18 ||    18
       Rpst.: Long sword |    17 |    15 ||    32
